 Dungeon Crawl Stone Soup version 0.20.1-1-g8b1a95d (webtiles) character file.

1887 Phantomfrettchen the Covert (level 9, 0/91 HPs)
             Began as an Octopode Transmuter on Oct 3, 2017.
             Was a Follower of Cheibriados.
             Slain by a centaur
             ... wielding a +0 rapier
              (10 damage)
             ... on level 7 of the Dungeon on Oct 5, 2017.
             The game lasted 00:48:31 (6647 turns).

Phantomfrettchen the Covert (Octopode Transmuter)   Turns: 6647, Time: 00:48:31

Health: 0/91       AC: 31    Str: 11    XL:     9   Next: 14%
Magic:  13/13      EV:  2    Int: 22    God:    Cheibriados [*.....]
Gold:   205        SH:  0    Dex: 23    Spells: 8/14 levels left

rFire    . . .     SeeInvis +   h - +5 dire flail (protect)
rCold    + . .     Gourm    .   (shield currently unavailable)
rNeg     + + +     Faith    .   (helmet currently unavailable)
rPois    +         Spirit   .   (no amulet)
rElec    .         Reflect  .   i - ring of see invisible
rCorr    .         Harm     .   q - +1 ring of evasion
MR       .....     NoTele   +   t - ring of protection from cold
Stlth    +++++.....             y - ring of flight
Regen    0.3/turn               (no ring)
MPRegen  0.2/turn               (no ring)
                                (no ring)
                                (no ring)

@: brilliant, agile, tree-form, protection aura, very slow
A: almost no armour, stealthy swim, (amphibious), 8 rings, (constrict 8)
a: Bend Time, Renounce Religion


You were on level 7 of the Dungeon.
You worshipped Cheibriados.
Cheibriados was aware of your devotion.
You were not hungry.
You were a tree.
You visited 2 branches of the dungeon, and saw 8 of its levels.

You collected 286 gold pieces.
You spent 81 gold pieces at shops.

Inventory:

Hand Weapons
 h - a +5 dire flail of protection (weapon)
 k - a +0 hunting sling
 G - a +0 shortbow
 K - a +4 short sword of electrocution
 L - a +2 dagger of venom
Missiles
 a - 94 arrows
 j - 137 stones (quivered)
 m - 19 sling bullets
 o - 8 javelins
 B - 8 tomahawks
Armour
 I - a +0 ring mail
Jewellery
 i - a ring of see invisible (left branch)
 q - a +1 ring of evasion (right branch)
 t - a ring of protection from cold (on tentacle)
 y - a ring of flight (on tentacle)
Wands
 f - a wand of flame (31/48)
 E - a wand of random effects (36/48)
Scrolls
 d - 2 scrolls of remove curse {unknown}
 p - 2 scrolls of identify {unknown}
 x - 2 scrolls of magic mapping {unknown}
 z - 3 scrolls of blinking {unknown}
 A - a scroll of enchant armour {unknown}
 D - a scroll of random uselessness {unknown}
 H - a scroll of enchant weapon {unknown}
 M - a scroll of recharging {unknown}
Potions
 e - 2 potions of haste
 l - a potion of curing
 u - a potion of lignification
 v - a potion of degeneration
 C - a potion of ambrosia {unknown}
 F - 2 potions of flight
 J - a potion of cancellation {unknown}
Books
 b - a book of Changes

   Spells                             Type                      Level
   a - Beastly Appendage              Transmutation                1
   b - Sticks to Snakes               Transmutation                2
   c - Spider Form                    Transmutation/Poison         3
   d - Ice Form                       Ice/Transmutation            4
   e - Blade Hands                    Transmutation                5
Comestibles
 c - 5 bread rations
 g - a royal jelly
 n - 5 meat rations
 s - 6 fruits
 N - a chunk of flesh


   Skills:
 - Level 5.4 Fighting
 - Level 2.0 Short Blades
 - Level 2.1 Maces & Flails
 - Level 2.2 Throwing
 - Level 5.1 Dodging
 + Level 8.0 Stealth
 + Level 4.5 Unarmed Combat
 - Level 3.0 Spellcasting
 - Level 3.1 Transmutations
 + Level 2.4 Poison Magic


You had 8 spell levels left.
You knew the following spells:

 Your Spells              Type           Power        Failure   Level  Hunger
a - Beastly Appendage     Tmut           ####..       1%          1    None
b - Sticks to Snakes      Tmut           ####....     1%          2    ##.....
c - Spider Form           Tmut/Pois      ####......   1%          3    ###....


Dungeon Overview and Level Annotations

Branches:
Dungeon (7/15)             Temple (1/1) D:6

Altars:
Cheibriados
Elyvilon
Nemelex Xobeh
Okawaru
Ru
Uskayaw
Xom
Zin

Shops:
D:4 *   D:5 (*   D:6 (

Annotations:
D:7 2 exclusions


Innate Abilities, Weirdness & Mutations

You cannot wear most types of armour.
You are very stealthy in the water. (Stealth+)
((You are amphibious.))
You can wear up to eight rings at the same time.
((You can use your tentacles to constrict eight enemies at once.))
((Your skin changes colour to match your surroundings (Stealth+).))
((Your rubbery body absorbs attacks. (AC +1, EV +1)))


Message History

* * * LOW HITPOINT WARNING * * *
The big kobold hits you but does no damage. x2
You hit the kobold.
You kill the kobold!
Cheibriados thoroughly appreciates the change of pace.
The kobold hits you but does no damage. The kobold barely misses you.
The centaur unwields an uncursed shortbow.
The centaur wields an uncursed rapier.
The centaur hits you but does no damage.
The big kobold barely misses you. The kobold hits you but does no damage.
It was a potion of brilliance.
You feel clever all of a sudden. The kobold hits you but does no damage.
The centaur hits you but does no damage.
The big kobold hits you but does no damage.
The kobold hits you but does no damage.
It was a potion of flight.
Your roots keep you in place.
The kobold hits you but does no damage.
The centaur hits you with an uncursed rapier!
You die...

#.....# #..#.###.#####.#
......# #...........##.#
....#.# ##.##.##.##.##.#
#.#.#.# #.##.##..#.##.#
#.....# #..........##.#
.....## ###.8.8.8..##.#
......# #........##.#
......#
#(..KK...K#.#######
......#
##...K♣(#...........
.....###
#....c(_#.##.#######
#...##.####.......#.##.#
##..#.....(............#
#.>##.#####.......[######
#..##.#
#.8.8.8.......########
##..##.#
#........####.........
#...##.# ###.###.##
########## #..###.#
##.###.# #


You could see a big kobold, a centaur and 3 kobolds.

Vanquished Creatures
  A hippogriff (D:7)
  3 ice beasts
  2 ogres
  A centaur (D:5)
  A big kobold (D:6)
  Blork the orc (D:6)
  2 bullfrogs (D:7)
  4 scorpions
  2 howler monkeys
  A hound (D:6)
  A jelly (D:5)
  An orc priest (D:6)
  2 iguanas
  A worker ant (D:7)
  Ijyb (D:5)
  A hound skeleton (D:6)
  A howler monkey skeleton (D:4)
  5 adders
  2 gnolls
  A shadow imp (D:7)
  2 oozes
  An adder zombie (D:7)
  3 adder skeletons
  4 worms
  7 leopard geckos
  6 orcs
  4 ball pythons
  5 giant cockroaches
  5 goblins (D:1)
  14 hobgoblins
  11 jackals
  20 kobolds
  6 bats
  8 frilled lizards
  A jackal skeleton (D:4)
  A quokka skeleton (D:6)
  7 rats
139 creatures vanquished.

Vanquished Creatures (collateral kills)
  Sigmund (D:6)
  Edmund (D:6)
  An ogre (D:7)
  2 orcs
  A frilled lizard (D:4)
  A leopard gecko zombie (D:5)
7 creatures vanquished.

Grand Total: 146 creatures vanquished

Notes
Turn   | Place    | Note
-------+----------+-------------------------------------------
     0 | D:1      | Phantomfrettchen the Octopode Transmuter began the quest for the Orb.
     0 | D:1      | Reached XP level 1. HP: 13/13 MP: 3/3
   138 | D:1      | Reached XP level 2. HP: 18/18 MP: 5/5
   278 | D:1      | Learned a level 2 spell: Sticks to Snakes
   518 | D:1      | Reached XP level 3. HP: 23/23 MP: 6/6
   577 | D:1      | Reached skill level 1 in Throwing
  1224 | D:2      | Reached XP level 4. HP: 19/28 MP: 5/7
  1232 | D:2      | Learned a level 3 spell: Spider Form
  1251 | D:2      | Found a glowing silver altar of Zin.
  1355 | D:2      | Reached skill level 1 in Stealth
  1932 | D:2      | Reached skill level 2 in Stealth
  2068 | D:3      | Found a sacrificial altar of Ru.
  2463 | D:3      | Reached skill level 3 in Stealth
  2661 | D:3      | Reached XP level 5. HP: 23/33 MP: 8/8
  2782 | D:4      | Reached skill level 4 in Stealth
  2833 | D:4      | Reached skill level 5 in Stealth
  2860 | D:4      | Reached XP level 6. HP: 32/38 MP: 7/9
  2927 | D:4      | Reached skill level 6 in Stealth
  3558 | D:4      | Found Meegaiveyll's Assorted Antiques.
  3561 | D:4      | Bought a sedimented golden potion for 20 gold pieces
  3561 | D:4      | Bought a bubbling amethyst potion for 20 gold pieces
  3561 | D:4      | Bought a sedimented golden potion for 20 gold pieces
  3872 | D:5      | Entered Level 5 of the Dungeon
  3887 | D:5      | Reached XP level 7. HP: 24/46 MP: 10/10
  4118 | D:5      | Found Othatz's Weapon Shoppe.
  4343 | D:5      | Found a white marble altar of Elyvilon.
  4344 | D:5      | Noticed Ijyb
  4354 | D:5      | Killed Ijyb
  4434 | D:5      | Found Qyonki Tung's Assorted Antiques.
  4438 | D:5      | Bought a red potion for 21 gold pieces
  4994 | D:6      | Noticed Edmund
  5022 | D:6      | Killed Edmund
  5265 | D:6      | Noticed Blork the orc
  5313 | D:6      | Found an iron altar of Okawaru.
  5394 | D:6      | Reached skill level 1 in Maces & Flails
  5448 | D:6      | Found a staircase to the Ecumenical Temple.
  5457 | Temple   | Entered the Ecumenical Temple
  5465 | Temple   | Became a worshipper of Cheibriados the Contemplative
  5517 | D:6      | Reached XP level 8. HP: 52/52 MP: 9/11
  5540 | D:6      | Reached skill level 5 in Dodging
  5591 | D:6      | Noticed Sigmund
  5605 | D:6      | Killed Sigmund
  5610 | D:6      | Found Inuam's Weapon Emporium.
  5670 | D:6      | Killed Blork the orc
  6158 | D:7      | Found a shimmering altar of Xom.
  6333 | D:7      | Reached skill level 7 in Stealth
  6407 | D:7      | Noticed a hippogriff
  6430 | D:7      | Killed a hippogriff
  6430 | D:7      | Reached * piety under Cheibriados
  6430 | D:7      | Reached skill level 5 in Fighting
  6430 | D:7      | Reached XP level 9. HP: 41/61 MP: 11/13
  6514 | D:7      | Found a hide-covered altar of Uskayaw.
  6630 | D:7      | Reached skill level 8 in Stealth
  6647 | D:7      | Slain by a centaur

Skill      XL: |  1  2  3  4  5  6  7  8  9 |
---------------+----------------------------+-----
Unarmed Combat | 4 |  4.5
Throwing       | 2 |  2.2
Stealth        | 3 5 6 7 8 |  8.0
Poison Magic   | 2 |  2.4
Fighting       | 3 5 |  5.4
Dodging        | 4 5 |  5.1
Maces & Flails | 2 |  2.1
Short Blades   | 2 |  2.0
Spellcasting   | 3 |  3.0
Transmutations | 3 |  3.1

Action                   |  1- 3 |  4- 6 |  7- 9 || total
-------------------------+-------+-------+-------++-------
Melee: Unarmed           |    71 |   141 |   103 ||   315
       Constrict         |    22 |    34 |    23 ||    79
       Tentacles         |     9 |    27 |    27 ||    63
       Kick              |     9 |    26 |    20 ||    55
       Punch             |     1 |     4 |     6 ||    11
       Dire flail        |       |       |    62 ||    62
 Fire: Hunting sling     |       |     2 |       ||     2
Throw: Stone             |     9 |       |     4 ||    13
 Cast: Beastly Appendage |    11 |    21 |    16 ||    48
       Sticks to Snakes  |       |    10 |    21 ||    31
  Use: Potion            |       |     4 |    13 ||    17
 Stab: Sleeping          |     6 |     6 |     7 ||    19
  Eat: Chunk             |     1 |    10 |    11 ||    22
Armor: Skin              |     3 |     5 |    51 ||    59
Dodge: Dodged            |    39 |    86 |   166 ||   291
